[Event "Finalturnier U12"]
[Site "TOSHIBA"]
[Date "2008.07.05"]
[Round "4"]
[White "Seitz, Florian"]
[Black "Rindlisbacher, Lars"]
[Result "0-1"]
[ECO "B76"]
[WhiteElo "1690"]
[BlackElo "1987"]
[Annotator ",Inock"]
[PlyCount "108"]
[TimeControl "40/7200:20/3600:1800"]

{400MB, Fritz8.ctg} 1. e4 c5 2. Nf3 g6 3. d4 cxd4 4. Nxd4 Bg7 5. Nc3 Nc6 6. Be3
d6 7. Qd2 Nf6 8. f3 O-O 9. O-O-O d5 10. exd5 Nxd5 11. Nxd5 Qxd5 12. Nb3 Qe5 13.
Bd4 Nxd4 14. Qxd4 Qg5+ 15. Qd2 Qxd2+ 16. Nxd2 Rd8 17. Bd3 Be6 18. Kb1 Rd6 19.
Nb3 b6 20. Be4 Rad8 21. Rd3 Bc4 22. Rxd6 Rxd6 23. c3 f5 24. Bc2 e5 25. Rd1
Rxd1+ 26. Bxd1 Bd3+ 27. Bc2 Bf1 28. g3 Be2 29. Nd2 Bh6 30. Bb3+ Kg7 31. Bc4 Bd1
32. Bb3 Bxb3 33. Nxb3 Be3 34. Kc2 Bg1 35. h3 Bf2 36. g4 Kf6 37. Kd3 Kg5 38. Ke2
Bg3 39. Kf1 Kh4 40. Kg2 Bf4 41. a4 a5 42. c4 Be3 43. Kh2 Bd4 44. Nc1 Bxb2 45.
Nd3 Bd4 46. Ne1 Kg5 47. Kg3 Kf6 48. Nd3 Ke7 49. h4 Kd6 50. h5 e4 51. fxe4 fxe4
52. Nf4 Be5 53. hxg6 hxg6 54. g5 e3 0-1

[Event "Finalturnier U12"]
[Site "TOSHIBA"]
[Date "2008.07.05"]
[Round "4"]
[White "Grandadam, Patrik"]
[Black "Züst, Leonard"]
[Result "1-0"]
[ECO "D41"]
[WhiteElo "1972"]
[BlackElo "1629"]
[Annotator ",Inock"]
[PlyCount "31"]
[TimeControl "40/7200:20/3600:1800"]

{400MB, Fritz8.ctg} 1. Nf3 Nf6 2. c4 e6 3. Nc3 d5 4. d4 c5 5. cxd5 Nxd5 6. e4
Nb6 7. d5 a6 8. Be2 Be7 9. Bf4 O-O 10. d6 Bf6 11. e5 g5 12. Ne4 Bg7 13. Bxg5
Qe8 14. Nf6+ Bxf6 15. Bxf6 Nc6 16. Qd2 1-0

[Event "Finalturnier U12"]
[Site "TOSHIBA"]
[Date "2008.07.05"]
[Round "4"]
[White "Georgiadis, Nico"]
[Black "Stoeri, Laura"]
[Result "1-0"]
[ECO "C88"]
[WhiteElo "2056"]
[BlackElo "1741"]
[Annotator ",Inock"]
[PlyCount "77"]
[TimeControl "40/7200:20/3600:1800"]

{400MB, Fritz8.ctg} 1. e4 e5 2. Nf3 Nc6 3. Bb5 a6 4. Ba4 Nf6 5. O-O Be7 6. Re1
b5 7. Bb3 O-O 8. h3 Bb7 9. d3 Re8 10. Nc3 Bb4 11. Bg5 d6 12. Bxf6 Qxf6 13. Nd5
Qd8 14. Nxb4 Nxb4 15. c3 Nc6 16. a3 Na5 17. Ba2 c5 18. b4 Nc6 19. Re3 Rc8 20.
Nd2 a5 21. bxc5 dxc5 22. Qb3 Qd7 23. Rf3 Rf8 24. Qxb5 Rb8 25. Qa4 Qc7 26. Rb1
Ne7 27. Qc4 Ng6 28. g3 Ra8 29. Rxf7 Rxf7 30. Qxf7+ Qxf7 31. Bxf7+ Kxf7 32.
Rxb7+ Ne7 33. Nc4 Kf6 34. Nxe5 Kxe5 35. Rxe7+ Kf6 36. Rc7 Rd8 37. Rxc5 Rxd3 38.
Rxa5 Rxc3 39. Kg2 1-0

[Event "Finalturnier U12"]
[Site "TOSHIBA"]
[Date "2008.07.05"]
[Round "4"]
[White "Studer, Noël"]
[Black "Retti, Ivan"]
[Result "0-1"]
[ECO "B51"]
[WhiteElo "1761"]
[BlackElo "1831"]
[Annotator ",Inock"]
[PlyCount "76"]
[TimeControl "40/7200:20/3600:1800"]

{400MB, Fritz8.ctg} 1. e4 c5 2. Nf3 d6 3. Bb5+ Nd7 4. O-O Ngf6 5. Re1 g6 6. e5
dxe5 7. Nxe5 a6 8. Bxd7+ Nxd7 9. Nc3 Bg7 10. Nxd7 Qxd7 11. d3 O-O 12. Be3 b6
13. Qd2 Bb7 14. f3 Rad8 15. Re2 Rfe8 16. Rae1 Qc6 17. Bf4 Qd7 18. b3 Qd4+ 19.
Kf1 Qxc3 20. Rxe7 Rxe7 21. Rxe7 Qxd2 22. Bxd2 Bc6 23. Ra7 Ra8 24. Rc7 Bd5 25.
Rd7 Be6 26. Rb7 b5 27. Rc7 c4 28. dxc4 bxc4 29. bxc4 Rc8 30. Rxc8+ Bxc8 31. Ke2
f5 32. c5 Kf7 33. Kd3 Be6 34. c4 Ke7 35. Bf4 Kd7 36. Bd6 Bf6 37. f4 Be7 38. c6+
Kxd6 0-1

[Event "Finalturnier U12"]
[Site "TOSHIBA"]
[Date "2008.07.05"]
[Round "5"]
[White "Mallor, Tim"]
[Black "Fopp, Stefan"]
[Result "0-1"]
[ECO "C54"]
[WhiteElo "1573"]
[BlackElo "1644"]
[Annotator ",Inock"]
[PlyCount "46"]
[TimeControl "40/7200:20/3600:1800"]

{400MB, Fritz8.ctg} 1. e4 e5 2. Nf3 Nc6 3. Bc4 Bc5 4. c3 Nf6 5. d3 d6 6. Nbd2
Be6 7. Bb3 O-O 8. O-O Qd7 9. h3 h6 10. Bxe6 fxe6 11. Re1 Qe7 12. Nf1 Nd7 13.
Ng3 Qf6 14. Be3 Bb6 15. d4 exd4 16. cxd4 e5 17. dxe5 Ndxe5 18. Nxe5 Nxe5 19.
Bxb6 axb6 20. f3 Qg5 21. Kf2 Rf6 22. Qd5+ Kh8 23. Re3 Rg6 0-1

[Event "Finalturnier U12"]
[Site "TOSHIBA"]
[Date "2008.07.05"]
[Round "5"]
[White "Roos, Jonas"]
[Black "Seitz, Florian"]
[Result "1/2-1/2"]
[ECO "D02"]
[WhiteElo "1661"]
[BlackElo "1690"]
[Annotator ",Inock"]
[PlyCount "64"]
[TimeControl "40/7200:20/3600:1800"]

{400MB, Fritz8.ctg} 1. d4 Nf6 2. Bf4 d5 3. Nf3 e6 4. e3 Bd6 5. Bg3 O-O 6. Bd3
Nc6 7. c3 Qe7 8. O-O e5 9. Bc2 Bg4 10. Qc1 Bxf3 11. gxf3 Rfe8 12. Nd2 Rad8 13.
Qb1 exd4 14. exd4 Qd7 15. Bf5 Qe7 16. Re1 Qxe1+ 17. Qxe1 Rxe1+ 18. Rxe1 Bxg3
19. fxg3 Re8 20. Rxe8+ Nxe8 21. Kf2 Nd6 22. Bd3 Kf8 23. b3 Ke7 24. Ke3 h6 25.
h4 f5 26. g4 Kf6 27. a4 g5 28. h5 f4+ 29. Ke2 Ke7 30. b4 Kd7 31. Nb3 b6 32. Kd2
Ke6 1/2-1/2

[Event "Finalturnier U12"]
[Site "TOSHIBA"]
[Date "2008.07.05"]
[Round "5"]
[White "Grillon, Cédric"]
[Black "Rösler, Linus"]
[Result "0-1"]
[ECO "A85"]
[WhiteElo "1544"]
[BlackElo "1565"]
[Annotator ",Inock"]
[PlyCount "80"]
[TimeControl "40/7200:20/3600:1800"]

{400MB, Fritz8.ctg} 1. d4 f5 2. c4 Nf6 3. Nc3 g6 4. Nf3 d6 5. Bg5 Bg7 6. g3 O-O
7. Bg2 Nc6 8. O-O a6 9. a3 Bd7 10. e3 h6 11. Bxf6 Bxf6 12. Nd5 Bg7 13. Qb3 Rb8
14. c5 Kh7 15. cxd6 exd6 16. Qd3 Ne7 17. Nd2 Bb5 18. Nc4 Nxd5 19. Bxd5 c6 20.
a4 cxd5 21. axb5 dxc4 22. Qxc4 axb5 23. Qxb5 Qe8 24. Qb4 Rf6 25. Rfc1 Bf8 26.
Rc7+ Rf7 27. Rxf7+ Qxf7 28. Ra7 Qd5 29. Qb6 Qf7 30. Ra1 Rc8 31. Ra7 Rc7 32. Qb5
Qd7 33. Qb6 Bg7 34. Qb3 Qc6 35. Qb4 Qd5 36. Ra1 Rc2 37. Qb6 Qf3 38. Rf1 Bf8 39.
Qc7+ Rxc7 40. b4 Rc2 0-1

[Event "Finalturnier U12"]
[Site "TOSHIBA"]
[Date "2008.07.05"]
[Round "5"]
[White "Aymon, Jérôme"]
[Black "Welch, Fabian"]
[Result "0-1"]
[ECO "B38"]
[WhiteElo "1566"]
[BlackElo "1625"]
[Annotator ",Inock"]
[PlyCount "48"]
[TimeControl "40/7200:20/3600:1800"]

{400MB, Fritz8.ctg} 1. e4 c5 2. Nf3 Nc6 3. d4 cxd4 4. Nxd4 g6 5. c4 Bg7 6. Be3
Nf6 7. Nc3 d6 8. f3 O-O 9. g4 Qb6 10. Na4 Qb4+ 11. Bd2 Qxa4 12. Qxa4 Nxd4 13.
Qa3 Nc2+ 14. Kd1 Nxa3 15. bxa3 Nxg4 16. fxg4 Bxa1 17. h3 Bb2 18. a4 Bd7 19. a5
Bc6 20. Bd3 Kh8 21. h4 f5 22. gxf5 gxf5 23. Rg1 fxe4 24. Bc2 Bd4 0-1

[Event "Finalturnier U12"]
[Site "TOSHIBA"]
[Date "2008.07.05"]
[Round "5"]
[White "Züst, Leonard"]
[Black "Zaza, Ludovic"]
[Result "1/2-1/2"]
[ECO "B28"]
[WhiteElo "1629"]
[BlackElo "1602"]
[Annotator ",Inock"]
[PlyCount "88"]
[TimeControl "40/7200:20/3600:1800"]

{400MB, Fritz8.ctg} 1. e4 c5 2. Nf3 a6 3. d4 cxd4 4. Nxd4 Nf6 5. Nc3 e5 6. Nb3
Bb4 7. Bd2 d6 8. Bd3 O-O 9. O-O Nc6 10. Ne2 Bxd2 11. Qxd2 Be6 12. c4 Rc8 13.
Rac1 Qb6 14. Rc3 Nb4 15. a3 Nxd3 16. Qxd3 Qc6 17. Nd2 Rc7 18. Ng3 Rfc8 19. Rfc1
Qb6 20. b4 h6 21. Nb3 Qc6 22. c5 Qd7 23. cxd6 Rxc3 24. Rxc3 Rxc3 25. Qxc3 Qxd6
26. Qd2 Qxd2 27. Nxd2 g6 28. f3 Kf8 29. Kf2 Ke7 30. Ke3 Kd6 31. Kd3 Kc6 32. Nc4
Bxc4+ 33. Kxc4 Nd7 34. a4 b5+ 35. axb5+ axb5+ 36. Kc3 Nb6 37. h4 h5 38. Ne2 Nc4
39. Kd3 Kd7 40. f4 Ke6 41. fxe5 Kxe5 42. Ng3 Kf4 43. Ne2+ Ke5 44. g3 Nb2+
1/2-1/2

[Event "Finalturnier U12"]
[Site "TOSHIBA"]
[Date "2008.07.05"]
[Round "5"]
[White "Rindlisbacher, Lars"]
[Black "Stoeri, Laura"]
[Result "1-0"]
[ECO "C88"]
[WhiteElo "197"]
[BlackElo "1741"]
[Annotator ",Inock"]
[PlyCount "95"]
[TimeControl "40/7200:20/3600:1800"]

{400MB, Fritz8.ctg} 1. e4 e5 2. Nf3 Nc6 3. Bb5 a6 4. Ba4 Nf6 5. O-O Be7 6. Re1
b5 7. Bb3 O-O 8. a3 d6 9. d3 Bg4 10. c3 Rc8 11. Nbd2 Na5 12. Bc2 Nd7 13. Nf1 f5
14. d4 fxe4 15. Bxe4 Nf6 16. Bc2 e4 17. Bxe4 Nxe4 18. Rxe4 Bxf3 19. gxf3 d5 20.
Rg4 Bd6 21. Ng3 Rf7 22. Nh5 Qf8 23. Bh6 Qe7 24. Bxg7 Rxg7 25. Rxg7+ Qxg7+ 26.
Nxg7 Kxg7 27. f4 Kh8 28. Qf3 Rg8+ 29. Kh1 Nc4 30. Qxd5 Nxb2 31. Rg1 Rxg1+ 32.
Kxg1 Nd3 33. Qa8+ Kg7 34. Qxa6 Nxf4 35. Qxb5 Bxa3 36. Qg5+ Ng6 37. c4 Be7 38.
Qg4 Kf7 39. h4 Nxh4 40. Qf4+ Ke8 41. Qxc7 Nf3+ 42. Kf1 Nxd4 43. Qb8+ Kf7 44.
Qf4+ Bf6 45. c5 Ne6 46. Qf5 h6 47. c6 Nd4 48. Qd7+ 1-0

[Event "Finalturnier U12"]
[Site "TOSHIBA"]
[Date "2008.07.05"]
[Round "5"]
[White "Studer, Noël"]
[Black "Grandadam, Patrik"]
[Result "1-0"]
[ECO "B22"]
[WhiteElo "1761"]
[BlackElo "1972"]
[Annotator ",Inock"]
[PlyCount "69"]
[TimeControl "180"]

{400MB, Fritz8.ctg} 1. e4 c5 2. Nf3 e6 3. c3 Nf6 4. e5 Nd5 5. d4 cxd4 6. cxd4
d6 7. Bd3 Nc6 8. a3 dxe5 9. dxe5 Be7 10. Bd2 a6 11. Nc3 Nb6 12. Be3 Nd7 13. Bf4
g5 14. Bg3 g4 15. Nd2 Ndxe5 16. Bc2 Bf6 17. Nce4 Bg7 18. h3 gxh3 19. Rxh3 Nd4
20. Bh4 Qc7 21. Rc1 Nd7 22. Ba4 Nc6 23. Nc4 b5 24. Ncd6+ Kf8 25. Qc2 Nde5 26.
f4 Nc4 27. Nxc4 Nd4 28. Qd2 bxc4 29. Qb4+ Kg8 30. Rg3 f5 31. Rxc4 Qxf4 32.
Rxg7+ Kxg7 33. Qe7+ Kh6 34. Qf6+ Kh5 35. Bd1+ 1-0

[Event "Finalturnier U12"]
[Site "TOSHIBA"]
[Date "2008.07.05"]
[Round "5"]
[White "Retti, Ivan"]
[Black "Georgiadis, Nico"]
[Result "1-0"]
[ECO "B52"]
[WhiteElo "1831"]
[BlackElo "2056"]
[Annotator ",Inock"]
[PlyCount "61"]
[TimeControl "40/7200:20/3600:1800"]

{400MB, Fritz8.ctg} 1. e4 c5 2. Nf3 d6 3. Bb5+ Bd7 4. Bxd7+ Qxd7 5. O-O Nc6 6.
c3 g6 7. d4 cxd4 8. cxd4 Bg7 9. Nc3 Nf6 10. Bg5 O-O 11. Rc1 Rac8 12. Qd2 Rfe8
13. Rfe1 b6 14. d5 Na5 15. b3 Rc7 16. Rc2 Rec8 17. Rec1 Nb7 18. Nd4 e6 19. Bxf6
Bxf6 20. Nc6 Bxc3 21. Rxc3 Nd8 22. Qc2 Kf8 23. Nb8 Rxc3 24. Nxd7+ Ke7 25. Qxc3
Rxc3 26. Rxc3 Kxd7 27. Kf1 exd5 28. exd5 f6 29. b4 Nb7 30. Ke2 a5 31. Rc6 1-0

[Event "Finalturnier U12"]
[Site "TOSHIBA"]
[Date "2008.07.06"]
[Round "6"]
[White "Seitz, Florian"]
[Black "Mallor, Tim"]
[Result "1-0"]
[ECO "C50"]
[WhiteElo "1690"]
[BlackElo "1573"]
[Annotator ",Inock"]
[PlyCount "37"]
[TimeControl "40/7200:20/3600:1800"]

{400MB, Fritz8.ctg} 1. e4 e5 2. Nf3 Nc6 3. Bc4 Bc5 4. d3 Nf6 5. Nc3 O-O 6. Bg5
d6 7. Nd5 Bg4 8. Nxf6+ gxf6 9. Bh6 Re8 10. O-O Nd4 11. Kh1 Nxf3 12. gxf3 Bh5
13. Rg1+ Bg6 14. Rg2 Kh8 15. Bxf7 Re7 16. Bxg6 hxg6 17. Rxg6 Rh7 18. Qg1 Qe7
19. Qg2 1-0

[Event "Finalturnier U12"]
[Site "TOSHIBA"]
[Date "2008.07.06"]
[Round "6"]
[White "Stoeri, Laura"]
[Black "Roos, Jonas"]
[Result "1/2-1/2"]
[ECO "B38"]
[WhiteElo "1741"]
[BlackElo "1661"]
[Annotator ",Inock"]
[PlyCount "131"]
[TimeControl "40/7200:20/3600:1800"]

{400MB, Fritz8.ctg} 1. e4 c5 2. Nf3 Nc6 3. d4 cxd4 4. Nxd4 g6 5. c4 Bg7 6. Be3
Nf6 7. Nc3 O-O 8. Be2 d6 9. O-O Bd7 10. Rc1 Rc8 11. b3 a6 12. f4 Nxd4 13. Bxd4
Bc6 14. Bf3 Re8 15. Nd5 Nxd5 16. exd5 Bd7 17. Bxg7 Kxg7 18. Qd4+ Kg8 19. Be4
Qa5 20. Rf2 Qc5 21. Qc3 b5 22. Kf1 e5 23. f5 gxf5 24. Qg3+ Kh8 25. Bxf5 Bxf5
26. Rxf5 Rg8 27. Qh4 Rg7 28. Qh5 Rf8 29. Rf6 Qe3 30. Re1 Qd3+ 31. Qe2 Qxe2+ 32.
Rxe2 Rg6 33. Ref2 Kg7 34. R6f5 f6 35. Rc2 Rc8 36. Rff2 bxc4 37. Rxc4 Rxc4 38.
bxc4 Rg4 39. Rc2 Rd4 40. c5 dxc5 41. Rxc5 Kg6 42. Ra5 Kf5 43. Rxa6 Rxd5 44. Ra7
h6 45. a4 Rd2 46. a5 Ra2 47. Ra6 h5 48. h3 h4 49. Ra8 Kf4 50. Ra6 f5 51. Rh6
Kg5 52. Re6 Rxa5 53. Kf2 Kf4 54. Rh6 Ra2+ 55. Kf1 Kg5 56. Rh8 Ra6 57. Rg8+ Rg6
58. Re8 e4 59. Kf2 Kf4 60. Re7 e3+ 61. Kf1 Rd6 62. Ke1 Rd4 63. Rh7 Ke5 64. Ke2
Re4 65. Re7+ Kf4 66. Rh7 1/2-1/2

[Event "Finalturnier U12"]
[Site "TOSHIBA"]
[Date "2008.07.06"]
[Round "6"]
[White "Rösler, Linus"]
[Black "Aymon, Jérôme"]
[Result "1/2-1/2"]
[ECO "B24"]
[WhiteElo "1565"]
[BlackElo "1566"]
[Annotator ",Inock"]
[PlyCount "64"]
[TimeControl "180"]

{400MB, Fritz8.ctg} 1. e4 c5 2. Nc3 Nc6 3. g3 d6 4. Bg2 Nf6 5. d3 e6 6. Be3 Be7
7. h3 d5 8. exd5 exd5 9. Nce2 Be6 10. f4 d4 11. Bd2 Bd5 12. Nf3 Qb6 13. Qc1 O-O
14. O-O Bd6 15. b3 Rfe8 16. Re1 Nh5 17. Kh2 Re7 18. Neg1 Rae8 19. Rxe7 Rxe7 20.
Qf1 Qc7 21. Re1 h6 22. h4 Rxe1 23. Qxe1 Qe7 24. Qxe7 Nxe7 25. Ne2 Nf6 26. Kg1
a6 27. Nh2 Bxg2 28. Kxg2 Kf8 29. Kf3 h5 30. Ng1 Nh7 31. Nh3 f6 32. Nf2 f5
1/2-1/2

[Event "Finalturnier U12"]
[Site "TOSHIBA"]
[Date "2008.07.06"]
[Round "6"]
[White "Zaza, Ludovic"]
[Black "Grillon, Cédric"]
[Result "1-0"]
[ECO "C24"]
[WhiteElo "1602"]
[BlackElo "1544"]
[Annotator ",Inock"]
[PlyCount "33"]
[TimeControl "180"]

{400MB, Fritz8.ctg} 1. e4 e5 2. Nf3 Nc6 3. Bc4 Nf6 4. d3 d5 5. exd5 Nxd5 6. O-O
Bg4 7. Bd2 Bc5 8. h3 Bh5 9. c3 O-O 10. g4 Bg6 11. Bg5 Qd6 12. Re1 Rfe8 13. Nbd2
Na5 14. b4 Nxc3 15. bxc5 Qxc5 16. Qc2 Nb5 17. Bxf7+ 1-0

[Event "Finalturnier U12"]
[Site "TOSHIBA"]
[Date "2008.07.06"]
[Round "6"]
[White "Fopp, Stefan"]
[Black "Züst, Leonard"]
[Result "1-0"]
[ECO "C26"]
[WhiteElo "1644"]
[BlackElo "1629"]
[Annotator ",Inock"]
[PlyCount "80"]
[TimeControl "180"]

{400MB, Fritz8.ctg} 1. e4 e5 2. Nc3 Nf6 3. Bc4 Bc5 4. d3 h6 5. Nge2 Nc6 6. O-O
d6 7. h3 Be6 8. Bb3 Qd7 9. Bxe6 fxe6 10. Be3 Bxe3 11. fxe3 d5 12. Ng3 O-O-O 13.
a3 d4 14. exd4 exd4 15. Nce2 h5 16. Qe1 Rh6 17. Nh1 g5 18. Qg3 Rg8 19. Rf3 g4
20. Rf4 e5 21. Rf5 Ne7 22. Raf1 Nxf5 23. Rxf5 gxh3 24. Rxf6 Rxg3 25. Rf8+ Qd8
26. Rxd8+ Kxd8 27. Nhxg3 Rg6 28. Nxh5 Rxg2+ 29. Kf1 Ke7 30. c3 c5 31. cxd4 cxd4
32. b3 Kf7 33. b4 Kg6 34. Nhf4+ exf4 35. Nxf4+ Kg5 36. Nxh3+ Kg4 37. Kxg2 b5
38. Ng1 Kf4 39. Ne2+ Ke5 40. Kf3 a6 1-0

[Event "Finalturnier U12"]
[Site "TOSHIBA"]
[Date "2008.07.06"]
[Round "6"]
[White "Georgiadis, Nico"]
[Black "Grandadam, Patrik"]
[Result "1/2-1/2"]
[ECO "B42"]
[WhiteElo "2056"]
[BlackElo "1972"]
[Annotator ",Inock"]
[PlyCount "51"]
[TimeControl "180"]

{400MB, Fritz8.ctg} 1. e4 c5 2. Nf3 e6 3. d4 cxd4 4. Nxd4 a6 5. Bd3 Bc5 6. Nb3
Be7 7. O-O d6 8. Be3 Nc6 9. f4 Nf6 10. Nc3 b5 11. Qf3 Bb7 12. e5 Nd7 13. Qg3 g6
14. exd6 Bxd6 15. Rad1 Be7 16. Be4 Qc7 17. Qf2 O-O 18. h4 Nf6 19. Bf3 Rac8 20.
Nc5 Na5 21. Nxb7 Nxb7 22. Bb6 Qb8 23. Ba7 Qc7 24. Bb6 Qb8 25. Ba7 Qc7 26. Bb6
1/2-1/2

[Event "Finalturnier U12"]
[Site "TOSHIBA"]
[Date "2008.07.06"]
[Round "6"]
[White "Welch, Fabian"]
[Black "Studer, Noël"]
[Result "1-0"]
[ECO "D05"]
[WhiteElo "1625"]
[BlackElo "1761"]
[Annotator ",Inock"]
[PlyCount "65"]
[TimeControl "180"]

{400MB, Fritz8.ctg} 1. d4 Nf6 2. Nf3 e6 3. e3 d5 4. Bd3 Bd6 5. Nbd2 b6 6. O-O
h5 7. b3 g5 8. g3 Rg8 9. Bb2 Bb7 10. c4 h4 11. Ne5 Qe7 12. Rb1 Qf8 13. Ng4 Nxg4
14. Qxg4 Nd7 15. e4 Bb4 16. exd5 O-O-O 17. dxe6 fxe6 18. Ne4 hxg3 19. fxg3 Qh6
20. a3 Be7 21. Rf7 Rde8 22. d5 Nc5 23. Rh7 Qf8 24. Rf1 Nxe4 25. Rxf8 Bc5+ 26.
Kg2 Rgxf8 27. Qxe4 exd5 28. Qg4+ Kb8 29. Bf5 dxc4+ 30. Kh3 Rxf5 31. Qxf5 Bc8
32. Rd7 Re7 33. Rd8 1-0

[Event "Finalturnier U12"]
[Site "TOSHIBA"]
[Date "2008.07.06"]
[Round "6"]
[White "Rindlisbacher, Lars"]
[Black "Retti, Ivan"]
[Result "1-0"]
[ECO "B76"]
[WhiteElo "1987"]
[BlackElo "1831"]
[Annotator ",Inock"]
[PlyCount "69"]
[TimeControl "180"]

{400MB, Fritz8.ctg} 1. e4 c5 2. Nf3 d6 3. d4 cxd4 4. Nxd4 Nf6 5. Nc3 g6 6. Be3
Bg7 7. f3 O-O 8. Qd2 d5 9. e5 Ne8 10. f4 f6 11. Nf3 Be6 12. O-O-O Nc7 13. exf6
Bxf6 14. Nd4 Bxd4 15. Bxd4 Nc6 16. Be3 Bg4 17. Be2 Bxe2 18. Nxe2 e6 19. h4 h5
20. g4 Kf7 21. gxh5 gxh5 22. Ng3 Rh8 23. f5 e5 24. Qe2 Rh7 25. Bg5 Qh8 26. f6
Rf8 27. Qg2 Nd4 28. Rhe1 Nc6 29. Rxd5 Nxd5 30. Qxd5+ Kg6 31. Qd3+ Kf7 32. Qd7+
Kg6 33. Qf5+ Kf7 34. Ne4 Rd8 35. Be3 1-0

[Event "Finalturnier U12"]
[Site "TOSHIBA"]
[Date "2008.07.06"]
[Round "7"]
[White "Mallor, Tim"]
[Black "Roos, Jonas"]
[Result "1/2-1/2"]
[ECO "B34"]
[WhiteElo "1573"]
[BlackElo "1661"]
[Annotator ",Inock"]
[PlyCount "71"]
[TimeControl "180"]

{400MB, Fritz8.ctg} 1. e4 c5 2. Nf3 Nc6 3. d4 cxd4 4. Nxd4 g6 5. Be3 Bg7 6. Nc3
Nf6 7. Qd2 O-O 8. h4 Ng4 9. h5 Nxe3 10. fxe3 Nxd4 11. exd4 Qb6 12. b3 Qxd4 13.
Qxd4 Bxd4 14. Kd2 d6 15. Bc4 Be6 16. Bxe6 fxe6 17. hxg6 hxg6 18. Raf1 Bxc3+ 19.
Kxc3 Rf6 20. Rf3 Raf8 21. Rhf1 g5 22. Kd4 g4 23. Rxf6 Rxf6 24. Rxf6 exf6 25.
Ke3 e5 26. Kf2 f5 27. exf5 Kf7 28. Kg3 Kf6 29. Kxg4 d5 30. c3 a6 31. a3 b6 32.
a4 b5 33. axb5 axb5 34. b4 Kf7 35. Kf3 Kf6 36. Kg4 1/2-1/2

[Event "Finalturnier U12"]
[Site "TOSHIBA"]
[Date "2008.07.06"]
[Round "7"]
[White "Aymon, Jérôme"]
[Black "Seitz, Florian"]
[Result "0-1"]
[ECO "B40"]
[WhiteElo "1566"]
[BlackElo "1690"]
[Annotator ",Inock"]
[PlyCount "56"]
[TimeControl "180"]

{400MB, Fritz8.ctg} 1. e4 c5 2. Nf3 e6 3. d4 cxd4 4. Nxd4 Qb6 5. Nc3 Bc5 6. Na4
Qa5+ 7. c3 Bxd4 8. Qxd4 e5 9. Qd1 Nf6 10. Bd3 d6 11. O-O b5 12. b4 Qxa4 13.
Qxa4 bxa4 14. Rd1 Bd7 15. Bc2 Ke7 16. Bg5 h6 17. Bxf6+ gxf6 18. Rd2 Rc8 19. Rd3
Bb5 20. Rh3 Nc6 21. Rc1 Rab8 22. Rxh6 Nxb4 23. Bb1 Nd3 24. Bxd3 Bxd3 25. f3 Rb1
26. Rxb1 Bxb1 27. h3 Bxa2 28. h4 a3 0-1

[Event "Finalturnier U12"]
[Site "TOSHIBA"]
[Date "2008.07.06"]
[Round "7"]
[White "Grandadam, Patrik"]
[Black "Fopp, Stefan"]
[Result "1-0"]
[ECO "D11"]
[WhiteElo "1972"]
[BlackElo "1644"]
[Annotator ",Inock"]
[PlyCount "49"]
[TimeControl "180"]

{400MB, Fritz8.ctg} 1. Nf3 d5 2. d4 Bf5 3. c4 e6 4. Nc3 c6 5. e3 Nd7 6. Qb3 Qc7
7. Bd2 Ngf6 8. Rc1 Rb8 9. cxd5 exd5 10. Nxd5 Nxd5 11. Qxd5 Be6 12. Qe4 Nb6 13.
Qc2 Be7 14. Bd3 h6 15. b4 Nd5 16. a3 a6 17. O-O O-O 18. Bc4 b5 19. Bb3 Rbc8 20.
g3 Bh3 21. Bxd5 Qd6 22. Bb3 Qf6 23. Qe4 Rfe8 24. Ne5 Bxf1 25. Bxf7+ 1-0

[Event "Finalturnier U12"]
[Site "TOSHIBA"]
[Date "2008.07.06"]
[Round "7"]
[White "Grillon, Cédric"]
[Black "Stoeri, Laura"]
[Result "0-1"]
[ECO "A57"]
[WhiteElo "1544"]
[BlackElo "1741"]
[Annotator ",Inock"]
[PlyCount "62"]
[TimeControl "180"]

{400MB, Fritz8.ctg} 1. d4 Nf6 2. c4 c5 3. d5 b5 4. Nc3 b4 5. Nb1 d6 6. Nf3 Bf5
7. Bg5 Nbd7 8. Nbd2 h6 9. Bh4 g5 10. Bg3 Bg7 11. e3 O-O 12. Be2 a5 13. a4 Bg6
14. O-O Nh5 15. Ra2 Nxg3 16. hxg3 Nf6 17. b3 Qd7 18. Nh2 Rae8 19. f4 Kh7 20.
Ng4 Rh8 21. Nxf6+ exf6 22. g4 f5 23. gxf5 Bxf5 24. g4 Rxe3 25. gxf5 Bd4 26. Kg2
gxf4 27. Rxf4 Rg8+ 28. Rg4 Qxf5 29. Rxg8 Qh3+ 30. Kf2 Rf3+ 31. Ke1 Bf2# 0-1

[Event "Finalturnier U12"]
[Site "TOSHIBA"]
[Date "2008.07.06"]
[Round "7"]
[White "Züst, Leonard"]
[Black "Rösler, Linus"]
[Result "0-1"]
[ECO "C57"]
[WhiteElo "1629"]
[BlackElo "1565"]
[Annotator ",Inock"]
[PlyCount "58"]
[TimeControl "180"]

{400MB, Fritz8.ctg} 1. e4 e5 2. Nf3 Nc6 3. Bc4 Nf6 4. Ng5 d5 5. exd5 Nd4 6. c3
b5 7. cxd4 bxc4 8. dxe5 Qxd5 9. Nf3 Ng4 10. O-O Bb7 11. Nc3 Qc6 12. Qa4 O-O-O
13. Qxc6 Bxc6 14. Re1 Bc5 15. Re2 Rhe8 16. Kf1 Bxf3 17. gxf3 Nxe5 18. Ne4 Be7
19. f4 Nf3 20. Re3 Nxh2+ 21. Kg2 Ng4 22. Rg3 f5 23. Ng5 Bxg5 24. fxg5 Re1 25.
f3 Ne5 26. b3 Rxd2+ 27. Bxd2 Rxa1 28. Bc3 Rxa2+ 29. Kh3 Ng6 0-1

[Event "Finalturnier U12"]
[Site "TOSHIBA"]
[Date "2008.07.06"]
[Round "7"]
[White "Zaza, Ludovic"]
[Black "Georgiadis, Nico"]
[Result "1/2-1/2"]
[ECO "C17"]
[WhiteElo "1602"]
[BlackElo "2056"]
[Annotator ",Inock"]
[PlyCount "61"]
[TimeControl "180"]

{400MB, Fritz8.ctg} 1. e4 e6 2. d4 d5 3. Nc3 Bb4 4. e5 c5 5. a3 Ba5 6. Nf3 Nc6
7. Bb5 cxd4 8. Nxd4 Bxc3+ 9. bxc3 Qc7 10. f4 Nge7 11. O-O O-O 12. Be3 Bd7 13.
Qd2 Rac8 14. Nxc6 Bxc6 15. Bd3 Ba4 16. Bd4 Nc6 17. Be3 Qa5 18. Rab1 Rc7 19. Rb2
Rfc8 20. c4 Qxd2 21. Bxd2 dxc4 22. Bxc4 Nd4 23. Bb3 Bxb3 24. cxb3 Rc2 25. Rxc2
Rxc2 26. Be3 Nxb3 27. Bxa7 Rc1 28. Rxc1 Nxc1 29. Kf2 Nd3+ 30. Kf3 Ne1+ 31. Kf2
1/2-1/2

[Event "Finalturnier U12"]
[Site "TOSHIBA"]
[Date "2008.07.06"]
[Round "7"]
[White "Studer, Noël"]
[Black "Rindlisbacher, Lars"]
[Result "1/2-1/2"]
[ECO "E81"]
[WhiteElo "1761"]
[BlackElo "1987"]
[Annotator ",Inock"]
[PlyCount "69"]
[TimeControl "180"]

{400MB, Fritz8.ctg} 1. d4 Nf6 2. c4 g6 3. Nc3 Bg7 4. e4 d6 5. f3 O-O 6. Nge2 c5
7. Be3 Nc6 8. d5 Ne5 9. Ng3 e6 10. h4 exd5 11. cxd5 h5 12. Be2 Bd7 13. Qd2 Kh7
14. Nf1 a6 15. Bg5 Qc8 16. Ne3 b5 17. Ncd1 b4 18. Nf2 Bb5 19. g4 Bxe2 20. Qxe2
Rg8 21. Bxf6 Bxf6 22. gxh5 gxh5 23. f4 Ng4 24. Nfxg4 hxg4 25. Nf5 Qd8 26. Qc2
Kh8 27. Ke2 Qd7 28. Rag1 c4 29. h5 b3 30. axb3 cxb3 31. Qc6 Qxc6 32. dxc6 Rac8
33. Nh6 Rg7 34. Nf5 Rgg8 35. Nh6 1/2-1/2

[Event "Finalturnier U12"]
[Site "TOSHIBA"]
[Date "2008.07.06"]
[Round "7"]
[White "Retti, Ivan"]
[Black "Welch, Fabian"]
[Result "1/2-1/2"]
[ECO "B31"]
[WhiteElo "1831"]
[BlackElo "1625"]
[Annotator ",Inock"]
[PlyCount "105"]
[TimeControl "180"]

{400MB, Fritz8.ctg} 1. e4 c5 2. Nf3 Nc6 3. Bb5 g6 4. O-O Bg7 5. c3 e5 6. d3
Nge7 7. Be3 d6 8. d4 Qb6 9. Bxc6+ Nxc6 10. d5 Qxb2 11. dxc6 Qxa1 12. cxb7 Bxb7
13. Qd2 Bd5 14. Qxd5 O-O 15. Qxd6 Rab8 16. Nbd2 Qxa2 17. Nxe5 Rfd8 18. Qxc5
Rbc8 19. Qe7 Re8 20. Qxf7+ Qxf7 21. Nxf7 Kxf7 22. Bxa7 Rxc3 23. f3 Rd3 24. Nc4
Bd4+ 25. Bxd4 Rxd4 26. Ne3 Red8 27. Nd5 Rd2 28. Rf2 Rd1+ 29. Rf1 Rxf1+ 30. Kxf1
Rd6 31. Kf2 h6 32. g4 g5 33. Kg3 Ke6 34. Ne3 Kf7 35. Nf5 Re6 36. h4 Rf6 37. e5
Re6 38. Nxh6+ Rxh6 39. hxg5 Rg6 40. f4 Rg8 41. Kf3 Ke7 42. Ke4 Ke6 43. f5+ Ke7
44. g6 Rd8 45. g5 Rd7 46. f6+ Kf8 47. g7+ Kg8 48. e6 Ra7 49. e7 Ra8 50. g6 Ra4+
51. Kf5 Ra5+ 52. Kg4 Rg5+ 53. Kxg5 1/2-1/2